 Dungeon Crawl Stone Soup version 0.31-a0-133-gaae73658be (webtiles) character file.

Game seed: 10605158220525420841

8208 Mesmaeker13 the Martial Artist (level 11, -6/91 HPs)
             Began as an Octopode Transmuter on June 2, 2023.
             Was a Believer of Wu Jian.
             Shot with an arrow by a centaur (9 damage)
             ... on level 9 of the Dungeon.
             The game lasted 00:17:42 (8233 turns).

Mesmaeker13 the Martial Artist (OpTm)               Turns: 8233, Time: 00:17:42

Health: -6/91      AC: 14    Str: 10    XL:     11   Next: 27%
Magic:  22/22      EV: 10    Int: 22    God:    Wu Jian [**....]
Gold:   1310       SH:  0    Dex: 18    Spells: 17/24 levels left

rFire   x . .        r - melded +3 mace of Iconoclasm {speed, Int+2}
rCold   + + +        (shield currently unavailable)
rNeg    . . .        (helmet currently unavailable)
rPois   +            (no amulet)
rElec   .            i - +4 ring of protection
rCorr   .            o - ring of wizardry
SInv    +            A - ring of see invisible
Will    .....        y - +6 ring of intelligence
Stlth   ++           (no ring)
HPRegen 0.35/turn    (no ring)
MPRegen 0.18/turn    (no ring)
                     (no ring)

%: wizardry (x1)
@: ice-form, wereblooded
A: freezing attack, boosted hp, almost no armour, amphibious, 8 rings, large,
(camouflage 1), (gelatinous body 1), (nimble swimmer 1), (tentacles), (large
bone plates 1), agile 1
a: End Transformation, Renounce Religion, Wall Jump


You were on level 9 of the Dungeon.
You worshipped Wu Jian.
Wu Jian was pleased with you.
You were a creature of crystalline ice.
You visited 2 branches of the dungeon, and saw 10 of its levels.
You also visited: Bailey.

You collected 1310 gold pieces.

Inventory:

Hand Weapons
 e - the +5 dagger "Path" {flame, rF++ rC+ rCorr SInv}
   (You took it off an orc warrior in a bailey)

   rF:        It greatly protects you from fire.
   rC:        It protects you from cold.
   SInv:      It lets you see invisible.
   rCorr:     It protects you from acid and corrosion.
 r - the +3 mace of Iconoclasm (melded) {speed, Int+2}
   (You found it on level 3 of the Dungeon)

   Int:       It affects your intelligence (+2).
Missiles
 d - 10 javelins
 p - a throwing net (quivered)
Armour
 n - a +0 buckler
Jewellery
 i - a +4 ring of protection (left front paw)
 o - a ring of wizardry (right front paw)
 y - a +6 ring of intelligence (on tentacle)
 A - a ring of see invisible (on tentacle)
Wands
 s - a wand of flame (1)
 t - a wand of charming (6)
Scrolls
 b - 2 scrolls of enchant weapon
 c - 3 scrolls of amnesia
 l - 5 scrolls of vulnerability
 m - a scroll of poison
 q - a scroll of immolation
 v - 2 scrolls of fog
 w - a scroll of teleportation
 z - a scroll of silence {unknown}
 B - 2 scrolls of noise
 C - a scroll of butterflies {unknown}
 D - a scroll of magic mapping
 H - 2 scrolls of enchant armour
Potions
 a - 4 potions of lignification
 f - 2 potions of cancellation {unknown}
 g - a potion of ambrosia {unknown}
 h - a potion of might
 j - a potion of enlightenment
 k - a potion of heal wounds {unknown}
 u - a potion of invisibility {unknown}
 F - 2 potions of mutation


   Skills:
 + Level 7.7 Fighting
 - Level 2.0 Dodging
 + Level 8.4 Unarmed Combat
 + Level 7.4 Spellcasting
 + Level 8.1 Transmutations
 + Level 7.4 Ice Magic


You had 17 spell levels left.
You knew the following spells:

 Your Spells              Type           Power      Damage    Failure   Level
a - Beastly Appendage     Tmut           86%        N/A       1%          1
b - Wereblood             Tmut           43%        N/A       1%          2
c - Ice Form              Ice/Tmut       42%        N/A       1%          4

Your spell library contained the following spells:

 Spells                   Type           Power      Damage    Failure   Level
 Ensorcelled Hibernation  Hex/Ice        48%        N/A       1%          2
 Passwall                 Tmut/Erth      21%        N/A       1%          2
 Spider Form              Tmut/Pois      26%        N/A       1%          3
 Magic Dart               Conj           32%        1d4       3%          1
 Call Imp                 Summ           16%        N/A       4%          2
 Lesser Beckoning         Tloc           16%        N/A       4%          2
 Dazzling Flash           Conj/Hex       16%        N/A       10%         3
 Gell's Gravitas          Tloc           8%         N/A       10%         3
 Mephitic Cloud           Conj/Pois/Air  8%         N/A       10%         3
 Swiftness                Air            8%         N/A       10%         3
 Teleport Other           Tloc           8%         N/A       10%         3
 Vhi's Electric Charge    Tloc/Air       16%        N/A       10%         3
 Agony                    Necr           8%         N/A       61%         5
 Arcjolt                  Conj/Air       4%         1d14      61%         5
 Silence                  Hex/Air        4%         N/A       61%         5
 Dispersal                Tloc           4%         N/A       99%         6
 Maxwell's Capacitive Co  Air            4%         ∞         100%        8


Dungeon Overview and Level Annotations

Branches:
Dungeon (9/15)             Temple (1/1) D:7            Lair (0/5) D:8
 Bailey (visited)
    Orc: D:9-12

Altars:
Ashenzari
Cheibriados
Dithmenos
Elyvilon
Fedhas
Gozag
Hepliaklqana
Kikubaaqudgha
Makhleb
Nemelex Xobeh
Okawaru
Qazlal
Sif Muna
Trog
Uskayaw
Vehumet
Wu Jian
Xom
Yredelemnul
The Shining One

Annotations:
D:9 3 runed translucent doors, bmj180's ghost, journeyman DECj


Innate Abilities, Weirdness & Mutations

You are a creature of crystalline ice.
You have a powerful freezing melee attack.
Your maximum health is increased.
Your armour is entirely melded.
You are incapable of wielding weapons or throwing items.
You cannot wear most types of armour.
You are amphibious.
You can wear up to eight rings at the same time.
((Your skin changes colour to match your surroundings (Stealth+).))
((Your rubbery body absorbs attacks. (AC +1, EV +1)))
((You are camouflaged when in or above water. (Stealth+)))
((You have tentacles for arms and can constrict up to eight enemies at once.))
((You are partially covered in large bone plates. (SH +4)))
You are agile. (Dex +4, Str/Int -1)


Message History

An acid dragon comes into view.
You lunge at the troll.
You barely miss the troll.
The troll is lightly wounded.
The troll barely misses you. x3
You punch the troll! You freeze the troll.
The troll is heavily wounded.
The troll bites you! The troll claws you!
The troll claws you but does no damage.
You barely miss the troll.
The troll is heavily wounded.
The troll bites you but does no damage. The troll claws you but does no damage.
The troll claws you.
You hit the troll. You freeze the troll.
The troll is heavily wounded.
You howl as the wereblood boils in your veins!
The troll bites you but does no damage. The troll claws you.
The troll claws you!
* * * LOW HITPOINT WARNING * * *
You punch the troll! You freeze the troll.
The troll is almost dead.
The troll bites you!
* * * LOW HITPOINT WARNING * * *
The troll barely misses you. The troll claws you but does no damage.
Okay, then.
Okay, then.
It was a potion of mutation.
You feel extremely strange.
Large bone plates grow over parts of your tentacles.
You feel agile.
You howl as the wereblood boils in your veins!
The troll bites you.
* * * LOW HITPOINT WARNING * * *
The troll claws you but does no damage. The troll claws you.
* * * LOW HITPOINT WARNING * * *
Okay, then.
Aiming: Charm
Press: ? - help, Shift-Dir - straight line, f - troll
Aim: a troll (almost dead, chance to affect: 49%)
The troll is charmed.
The centaur shoots an arrow.
The arrow barely misses your troll. The arrow hits you!
You die...

.?............................
............................##
............# ##...........#.
............+ #........#####
............# #.......## #
............# #.......#...gc
..#######...# #.......#8$$Wo
#..D#####.......#∩$8_H
#..cTY..........#8....
#.#######..######∩.$.$ #.#
#..#....##.8.# #.#
#..#.....##### ..# #..#.....#
... .. #..#.....####.
#..#...(....#. #..###......#.
####....#.....<#.


You could see an acid dragon, a centaur and a friendly troll (charmed).

Vanquished Creatures
  3 orc knights (Bailey)
  An orc sorcerer (Bailey)
  A kobold demonologist (Bailey)
  2 komodo dragons (D:8)
  2 wyverns
  2 yaks (D:8)
  3 steam dragons
  6 water moccasins
  9 orc warriors
  An ogre (D:4)
  A hornet zombie (D:7)
  2 ice beasts
  4 black bears
  A centaur (D:5)
  2 phantoms (D:6)
  A kobold brigand (D:7)
  2 bullfrogs
  2 wyvern zombies (D:7)
  2 scorpions
  17 wights (D:7)
  5 killer bees (D:9)
  A howler monkey (D:3)
  4 electric eels (Bailey)
  A centaur zombie (D:7)
  A hound (D:4)
  2 jellies (D:6)
  2 gnoll boudas
  5 iguanas
  2 sleepcaps (D:4)
  Jessica (D:2)
  3 orc wizards
  2 killer bee zombies (D:7)
  A howler monkey zombie (D:7)
  17 gnolls
  4 adders
  2 white imps
  A worm (D:3)
  22 orcs
  3 ball pythons
  8 bats
  5 endoplasms
  A giant cockroach (D:1)
  15 goblins
  11 hobgoblins
  8 jackals (D:1)
  11 kobolds
  2 quokkas
  5 frilled lizards
  3 rats
212 creatures vanquished.

Vanquished Creatures (others)
  An orc warrior (Bailey)
  An orc (D:7)
2 creatures vanquished.

Grand Total: 214 creatures vanquished

Notes
Turn   | Place    | Note
-------+----------+-------------------------------------------
     0 | D:1      | Mesmaeker13 the Octopode Transmuter began the quest for the
                  | Orb.
     0 | D:1      | Reached XP level 1. HP: 13/13 MP: 3/3
   115 | D:1      | Reached XP level 2. HP: 16/18 MP: 3/5
   363 | D:1      | Reached XP level 3. HP: 16/23 MP: 4/6
   612 | D:1      | Learned a level 2 spell: Wereblood
   852 | D:2      | Found Etutun's Book Shop.
  1102 | D:2      | Noticed Jessica
  1108 | D:2      | Killed Jessica
  1109 | D:2      | Reached XP level 4. HP: 27/29 MP: 5/7
  1326 | D:3      | Identified the +3 mace of Iconoclasm {speed, Int+2}
  1363 | D:3      | Learned a level 4 spell: Ice Form
  2018 | D:3      | Reached XP level 5. HP: 20/34 MP: 9/9
  2021 | D:3      | Reached skill level 1 in Ice Magic
  2084 | D:4      | Noticed an ogre
  2097 | D:4      | Killed an ogre
  2098 | D:4      | Reached XP level 6. HP: 41/41 MP: 8/10
  2452 | D:4      | You fall into a shaft and drop 2 floors!
  2500 | D:6      | Reached XP level 7. HP: 8/46 MP: 12/12
  2508 | D:6      | HP: 3/69 [phantom (6)]
  2964 | D:6      | Noticed a boulder beetle
  2999 | D:5      | Entered Level 5 of the Dungeon
  4177 | D:6      | Reached skill level 5 in Unarmed Combat
  4177 | D:6      | Reached XP level 8. HP: 46/54 MP: 9/14
  4528 | D:6      | HP: 2/64 [boulder beetle (15)]
  4713 | D:7      | Reached skill level 5 in Transmutations
  4964 | D:7      | Reached skill level 5 in Fighting
  4964 | D:7      | Reached skill level 5 in Spellcasting
  4964 | D:7      | Reached XP level 9. HP: 42/61 MP: 10/16
  5066 | D:7      | Identified the +0 robe of Kelyboq {rCorr}
  5197 | D:7      | Reached skill level 5 in Ice Magic
  5333 | D:7      | Found a staircase to the Ecumenical Temple.
  5349 | Temple   | Entered the Ecumenical Temple
  5356 | Temple   | Became a worshipper of the Wu Jian Council
  5904 | D:8      | Noticed a komodo dragon
  5923 | D:8      | Killed a komodo dragon
  5924 | D:8      | Reached XP level 10. HP: 68/68 MP: 14/19
  5952 | D:8      | Reached * piety under Wu Jian
  5961 | D:8      | Found a staircase to the Lair.
  6055 | D:8      | Found a flagged portal.
  6065 | Bailey   | Entered a bailey
  6122 | Bailey   | Noticed an orc knight
  6164 | Bailey   | Killed an orc knight
  6403 | Bailey   | Noticed an orc knight
  6412 | Bailey   | Killed an orc knight
  6455 | Bailey   | Noticed an orc knight
  6463 | Bailey   | Killed an orc knight
  6507 | Bailey   | Reached ** piety under Wu Jian
  6735 | Bailey   | Found an iron altar of Okawaru.
  6737 | Bailey   | Noticed a kobold demonologist
  6737 | Bailey   | Noticed an orc sorcerer
  6741 | Bailey   | Identified the +5 dagger "Path" {flame, rF++ rC+ rCorr
                  | SInv}
  6759 | Bailey   | Killed a kobold demonologist
  6760 | Bailey   | Reached XP level 11. HP: 58/75 MP: 21/21
  6769 | Bailey   | Noticed a soul eater
  7027 | Bailey   | Killed an orc sorcerer
  7316 | Bailey   | Acquired 845 gold pieces
  7895 | D:8      | Found a bloodstained altar of Trog.
  7895 | D:8      | Found a shimmering altar of Xom.
  7897 | D:8      | Found an iron altar of Okawaru.
  7897 | D:8      | Found a burning altar of Makhleb.
  8113 | D:9      | Found a runed translucent gate.
  8114 | D:9      | Found a runed translucent gate.
  8114 | D:9      | Found an opulent altar of Gozag.
  8115 | D:9      | Found a runed translucent gate.
  8163 | D:9      | Noticed a centaur warrior
  8163 | D:9      | Noticed a manticore
  8163 | D:9      | Noticed bmj180's ghost (journeyman DECj)
  8232 | D:9      | Gained mutation: You are partially covered in large bone
                  | plates. (SH +4) [potion of mutation]
  8232 | D:9      | Gained mutation: You are agile. (Dex +4, Str/Int -1)
                  | [potion of mutation]
  8232 | D:9      | HP: 2/91 [troll (3)]
  8233 | D:9      | Shot with an arrow by a centaur

Illustrated notes

Levels and vault maps discovered:
D:1:      minmay_arrival_four_houses, layout_rooms, minmay_heptomino_d4
D:2:      layout_basic, serial_shops, shop, uniq_jessica
D:3:      layout_rooms
D:4:      layout_basic, st_stairs_6
D:5:      layout_basic, item_on_display_a
D:6:      layout_rooms, abandoned_shop
D:7:      layout_basic, minmay_temple_entry_antechambers, serial_undead,
          serial_undead_a, serial_undead_a, serial_undead_f, serial_undead_c,
          serial_undead_c, chequers_serial_rivers_micro_a
D:8:      layout_loops_ring, nicolae_overflow_hidden_temple,
          mainiacjoe_overflow_alcove_3, due_lair_maze_entry_diamond,
          enter_bailey_3, minmay_lizard_king
D:9:      layout_irregular_city, ebering_ghost_gozag, uniq_joseph, uniq_maurice
Temple:   nicolae_temple_no_exploring_needed

Skill      XL: |  1  2  3  4  5  6  7  8  9 10 11 |
---------------+----------------------------------+-----
Fighting       | 2 3 4 5 6 7 |  7.7
Transmutations | 3 4 5 6 7 8 |  8.1
Ice Magic      | 1 2 3 4 5 7 |  7.4
Spellcasting   | 3 4 5 6 7 |  7.4
Unarmed Combat | 4 5 7 8 |  8.4
Dodging        | |  2.0

Action                     |  1- 3 |  4- 6 |  7- 9 | 10-12 || total
---------------------------+-------+-------+-------+-------++-------
  Melee: Unarmed           |    23 |       |   189 |   217 ||   429
         Constrict         |    22 |    22 |       |       ||    44
         Tentacles         |    11 |    20 |       |       ||    31
         Short sword       |    39 |     7 |       |       ||    46
         Kick              |    10 |    26 |       |       ||    36
         Mace              |       |    83 |    15 |       ||    98
         Punch             |       |     2 |       |       ||     2
  Throw: Javelin           |       |     8 |       |       ||     8
         Throwing net      |       |     1 |       |       ||     1
   Cast: Beastly Appendage |    21 |    18 |     1 |       ||    40
         Wereblood         |     1 |     6 |    14 |    13 ||    34
         Ice Form          |       |       |    26 |    15 ||    41
Ability: Lunge             |       |       |     4 |    13 ||    17
         Whirlwind         |       |       |       |    17 ||    17
  Evoke: Wand              |       |       |    14 |    19 ||    33
    Use: Scroll            |     3 |     3 |     7 |     4 ||    17
         Potion            |       |     1 |     3 |     4 ||     8
   Stab: Sleeping          |     5 |       |       |       ||     5
 Armour: Skin              |     4 |    19 |    80 |    88 ||   191
  Dodge: Dodged            |    38 |    49 |    74 |    74 ||   235

Table legend: (Time is in decaauts)
 A = Elapsed time spent in this place.
 B = Non-inter-level travel time spent in this place.
 C = Inter-level travel time spent in this place.
 D = Time resting spent in this place.
 E = Time spent auto-exploring this place.
 F = Levels seen in this place.
 G = Mean time per level.
                   A        B        C        D        E       F      G
               +--------+--------+--------+--------+--------+-----+--------+
         Total |   8178 |   7889 |    289 |   1075 |   4948 |  11 |  743.5 |
       Dungeon |   6902 |   6624 |    278 |    512 |   4705 |   9 |  766.9 |
        Temple |     14 |      3 |     11 |      0 |      0 |   1 |   14.0 |
        Bailey |   1262 |   1262 |      0 |    563 |    243 |   1 | 1262.0 |
               +--------+--------+--------+--------+--------+-----+--------+

Top non-repeatable levels by time:
  Bailey: 1262 daAuts
     D:7: 1191 daAuts
     D:6: 1004 daAuts
     D:5: 960 daAuts
     D:8: 834 daAuts
     D:1: 703 daAuts
     D:3: 689 daAuts
     D:2: 671 daAuts
     D:4: 625 daAuts
     D:9: 221 daAuts
  Temple: 14 daAuts
